 Dungeon Crawl Stone Soup version 0.20.1-1-g8b1a95d (webtiles) character file.

113686 Gargoyl the Tortoise (level 16, -6/141 HPs)
             Began as a Minotaur Abyssal Knight on July 29, 2017.
             Was the Champion of Lugonu.
             Mangled by a sixfirhy (11 damage)
             ... summoned by an orc high priest
             ... on level 2 of the Orcish Mines.
             The game lasted 00:50:10 (26907 turns).

Gargoyl the Tortoise (Minotaur Abyssal Knight)     Turns: 26907, Time: 00:50:11

Health: -6/141     AC: 28    Str: 22    XL:     16   Next: 14%
Magic:  24/24      EV:  7    Int:  9    God:    Lugonu [******]
Gold:   2057       SH: 15    Dex: 16    Spells: 15/15 levels left

rFire    + . .     SeeInvis +   d - +9 hand axe of Crystal {elec, MR+ Dex+4}
rCold    + . .     Gourm    .   P - +1 shield {rC+ rF+}
rNeg     . . .     Faith    .   U - +0 crystal plate armour
rPois    +         Spirit   .   (helmet restricted)
rElec    .         Reflect  .   (no cloak)
rCorr    .         Harm     .   f - +0 pair of gloves
MR       ++...     Clarity  +   J - +0 pair of boots
Stlth    ..........             Q - amulet of magic regeneration
Regen    0.4/turn               E - ring of poison resistance
MPRegen  0.3/turn               M - ring of see invisible

@: about to teleport, very slightly contaminated
A: retaliatory headbutt, horns 2, clarity, mutation resistance 1
a: Depart the Abyss, Bend Space, Banish, Corrupt, Enter the Abyss, Brand Weapon
With Distortion, Renounce Religion


You were on level 2 of the Orcish Mines.
You worshipped Lugonu.
Lugonu was exalted by your worship.
You were hungry.

You visited 3 branches of the dungeon, and saw 23 of its levels.
You visited the Abyss 1 time.

You collected 2554 gold pieces.
You spent 497 gold pieces at shops.

Inventory:

Hand Weapons
 d - the +9 hand axe of Crystal (weapon) {elec, MR+ Dex+4}
   (You found it on level 3 of the Abyss)

   Occasionally, upon striking a foe, it will discharge some electrical energy
   and cause terrible harm.
   It affects your dexterity (+4).
   It affects your resistance to hostile enchantments.
 N - a +1 broad axe
Missiles
 y - 14 poisoned tomahawks (quivered)
Armour
 f - a +0 pair of gloves (worn)
 J - a +0 pair of boots (worn)
 P - a +1 shield of resistance (worn)
 U - a +0 crystal plate armour (worn)
Jewellery
 p - an uncursed ring of flight
 E - a ring of poison resistance (left hand)
 M - a ring of see invisible (right hand)
 Q - an amulet of magic regeneration (around neck)
Wands
 i - a wand of iceblast (7/15)
 x - a wand of disintegration (8/24)
 I - a wand of acid (7/15)
 S - a wand of disintegration (18/24)
Scrolls
 b - 5 scrolls of fog
 e - 6 scrolls of magic mapping
 m - 2 scrolls of identify
 r - 2 scrolls of holy word
 s - 7 scrolls of remove curse
 t - 2 scrolls of recharging
 w - 2 scrolls of teleportation
 z - a scroll of fear
 C - 5 scrolls of blinking
 D - a scroll of silence
 R - a scroll of amnesia
Potions
 a - 3 potions of might
 j - 8 potions of haste
 l - 2 potions of ambrosia
 n - 6 potions of curing
 u - 2 potions of berserk rage
 v - 5 potions of flight
 B - 3 potions of brilliance
 G - a potion of cancellation {unknown}
 H - a potion of resistance
 O - 2 potions of invisibility
 T - a potion of magic
Books
 g - a book of Clouds

   Spells                             Type                      Level
   a - Poisonous Vapours              Poison/Air                   2
   b - Mephitic Cloud                 Conjuration/Poison/Air       3
   c - Conjure Flame                  Conjuration/Fire             3
   d - Freezing Cloud                 Conjuration/Ice/Air          6
   e - Ring of Flames                 Charms/Fire                  7
 k - a book of Cantrips

   Spells                             Type                      Level
   a - Confusing Touch                Hexes                        1
   b - Animate Skeleton               Necromancy                   1
   c - Summon Small Mammal            Summoning                    1
   d - Apportation                    Translocation                1
 A - a book of Callings

   Spells                             Type                      Level
   a - Summon Small Mammal            Summoning                    1
   b - Call Imp                       Summoning                    2
   c - Call Canine Familiar           Summoning                    3
   d - Summon Guardian Golem          Hexes/Summoning              3
   e - Summon Lightning Spire         Summoning/Air                4
   f - Summon Ice Beast               Ice/Summoning                4
 F - a book of Transfigurations

   Spells                             Type                      Level
   a - Irradiate                      Conjuration/Transmutation    5
   b - Statue Form                    Transmutation/Earth          6
   c - Hydra Form                     Transmutation                6
   d - Dragon Form                    Transmutation                7
 L - Imoxabeto's Handbook of Ashen Protection
   (You found it on level 15 of the Dungeon)

   Spells                             Type                      Level
   a - Shroud of Golubria             Charms/Translocation         2
   b - Spectral Weapon                Hexes/Charms                 3
   c - Shatter                        Earth                        9
Comestibles
 c - 18 bread rations
 h - 13 royal jellies
 o - 8 meat rations
 q - 17 fruits
 K - 3 chunks of flesh


   Skills:
 + Level 12.6 Fighting
 + Level 15.3 Axes
 + Level 1.1 Throwing
 * Level 17.3 Armour
 + Level 3.5 Dodging
 + Level 15.7 Shields
 * Level 12.7 Invocations
 + Level 1.0 Evocations


You had 15 spell levels left.
You didn't know any spells.

Dungeon Overview and Level Annotations

Branches:
Dungeon (15/15)            Temple (0/1) D:5            Lair (6/6) D:11
 Shoals (0/4) Lair:4       Spider (0/4) Lair:4        Slime (0/5) Lair:6
    Orc (2/2) D:9             Elf (0/3) Orc:2        Vaults (0/5) D:14
 Depths (0/5) D:15

Altars:
Cheibriados
Fedhas
Gozag
Kikubaaqudgha
Zin
The Shining One
Beogh
Jiyva

Shops:
D:4 *   D:5 %   D:6 (   D:8 =   D:9 !   Orc:2 ?*

Annotations:
Lair:6 1 runed door


Innate Abilities, Weirdness & Mutations

You reflexively headbutt those who attack you in melee.
You have a pair of horns on your head.
You possess an exceptional clarity of mind.
You are somewhat resistant to further mutation.


Message History

The orc priest invokes the aid of Beogh against you.
Beogh smites you!
* * * LOW HITPOINT WARNING * * *
Blink to where?
Press: ? - help, Dir - move target cursor You are very lightly contaminated with residual magic.
As you read the scroll of blinking, it crumbles to dust.
You feel better.
As you read the scroll of teleportation, it crumbles to dust.
You feel strangely unstable. You block the sixfirhy's attack.
The sixfirhy hits you but does no damage.
The sixfirhy hits you.
* * * LOW HITPOINT WARNING * * *
The sixfirhy shocks you!
* * * LOW HITPOINT WARNING * * *
You block the sixfirhy's attack. The sixfirhy hits you.
* * * LOW HITPOINT WARNING * * *
The sixfirhy shocks you!
You die...

...# ##...)#...## ##
..## ##.[[[....# #.
### ##[[###..o# ## #
##.[###...# #
##[)###... ##..###.
##..## .## ##.3##
..# ##@.## .##
##..##### ..
##...#..# #
#......## #####
##.#.### ### .##.##
##....## ##.##
##...### #>.....#
#...# ###.##.#
###.##.#######.##
##...#.##
##....#####.###..###


You could see a sixfirhy.

Vanquished Creatures
  Rupert (D:14)
  Frances (D:13)
  A fire giant (D:15)
  An orc warlord (Orc:1)
  A stone giant (Orc:2)
  Josephine (D:13)
  A fire dragon (Lair:6)
  4 vault guards (D:14)
  5 centaur warriors
  Erica (D:8)
  2 tengu warriors (D:13)
  8 two-headed ogres
  6 death yaks
  The ghost of cba the Covert, a journeyman SpAs of Dithmenos (Lair:4)
  2 orc high priests
  A soul eater (Orc:2)
  The ghost of Gargoyl the Cleaver, a novice MiAK of Lugonu (D:8)
  A fire crab (Lair:5)
  An unseen horror (D:14)
  5 skeletal warriors (D:13)
  A wizard (D:14)
  Pikel (D:9)
  A lindwurm (Lair:6)
  2 orc knights
  2 deep elf magi
  A wolf spider zombie (D:14)
  3 cyclopes
  21 ugly things
  4 orc sorcerers
  2 manticores
  A smoke demon (Orc:2)
  14 elephants
  A rust devil (Orc:2)
  A merfolk siren (Lair:4)
  3 molten gargoyles (Lair:6)
  A torpor snail (Lair:5)
  11 black mambas
  16 spiny frogs
  2 gargoyles
  13 komodo dragons
  An efreet (D:13)
  3 rime drakes
  6 red devils
  2 tengu conjurers (D:13)
  A polar bear (Lair:5)
  A jumping spider (Lair:4)
  12 trolls
  A hornet (D:15)
  10 blink frogs
  6 slime creatures (D:12)
  12 hippogriffs
  Prince Ribbit (D:8)
  12 dream sheep
  A centaur simulacrum (D:14)
  A shadow (D:14)
  4 wyverns
  5 wraiths
  59 yaks
  A vampire (D:13)
  A ynoxinul (Orc:2)
  7 basilisks
  A yak (shapeshifter) (D:13)
  A hungry ghost (D:8)
  Grum (D:8)
  4 hogs (D:8)
  A human (D:8)
  A steam dragon (Lair:6)
  2 wargs
  Edmund (D:4)
  An acid dragon (D:15)
  16 water moccasins
  4 hell hounds (Lair:6)
  11 porcupines
  37 orc warriors
  A hornet zombie (D:11)
  4 sky beasts
  An eye of draining (D:12)
  A slave (D:9)
  A black bear (D:7)
  2 phantoms
  6 ice beasts
  14 ogres
  9 wolves
  8 centaurs
  3 necrophages
  10 crocodiles
  2 big kobolds
  20 bullfrogs
  2 wyvern zombies
  3 scorpions
  A wyvern skeleton (D:13)
  23 wights
  11 killer bees
  4 howler monkeys
  4 electric eels
  7 crimson imps
  2 bullfrog zombies
  3 lava snakes (Lair:6)
  A quasit (D:12)
  2 centaur zombies
  4 hounds
  38 orc priests
  6 jellies
  2 centaur skeletons
  A gnoll shaman (Orc:1)
  20 orc wizards
  A bullfrog skeleton (D:11)
  6 hell rats (Lair:6)
  Ijyb (D:4)
  2 iguanas (D:14)
  11 worker ants
  A hound skeleton (D:9)
  A howler monkey skeleton (D:4)
  A worker ant zombie (D:9)
  11 gnolls
  17 adders
  7 shadow imps
  2 adder skeletons (D:8)
  6 worms
  5 leopard geckos
  109 orcs
  3 giant cockroaches
  7 goblins
  2 hobgoblins
  8 jackals
  20 kobolds
  5 quokkas
  2 ball pythons
  6 bats
  4 frilled lizards
  2 leopard gecko skeletons
  3 rats (D:2)
  A bush (D:9)
  3 fungi
837 creatures vanquished.

Vanquished Creatures (others)
  4 hydras
  A vampire mosquito (D:14)
  3 slaves (D:9)
  A bullfrog (Lair:5)
  4 electric eels (D:10)
  3 orcs
  A kobold (D:9)
  10 fungi
  4 plants
31 creatures vanquished.

Grand Total: 868 creatures vanquished

Notes
Turn   | Place    | Note
-------+----------+-------------------------------------------
     0 | Abyss:1  | Gargoyl the Minotaur Abyssal Knight began the quest for the Orb.
     0 | Abyss:1  | Reached XP level 1. HP: 19/19 MP: 1/1
    49 | Abyss:3  | Noticed a worldbinder
    53 | Abyss:3  | Noticed a blink frog
    53 | Abyss:3  | Noticed a blink frog
    53 | Abyss:3  | Noticed a spiny frog
    62 | Abyss:3  | Noticed a dream sheep
    62 | Abyss:3  | Noticed a dream sheep
    65 | Abyss:3  | Found a corrupted altar of Lugonu.
    66 | Abyss:3  | Got an ichor-stained hand axe
    67 | Abyss:3  | Noticed a blink frog
    67 | D:1      | Escaped the Abyss
    68 | D:1      | Identified the +9 hand axe of Crystal {elec, MR+ Dex+4} (You found it on level 3 of the Abyss)
   624 | D:1      | Reached XP level 2. HP: 27/27 MP: 2/2
   651 | D:1      | Reached * piety under Lugonu
   903 | D:2      | Reached skill level 3 in Armour
   921 | D:2      | Reached XP level 3. HP: 34/34 MP: 3/3
  1121 | D:2      | Reached XP level 4. HP: 41/41 MP: 4/4
  1506 | D:2      | You fall through a shaft for 2 floors!
  1542 | D:4      | Noticed Ijyb
  1551 | D:4      | Killed Ijyb
  1551 | D:4      | Reached skill level 5 in Fighting
  1567 | D:3      | Reached XP level 5. HP: 46/48 MP: 4/6
  1573 | D:3      | Reached skill level 4 in Armour
  1574 | D:3      | Reached ** piety under Lugonu
  1903 | D:3      | Reached XP level 6. HP: 56/56 MP: 7/7
  2331 | D:4      | Reached skill level 1 in Shields
  2387 | D:4      | Noticed Edmund
  2407 | D:4      | Killed Edmund
  2407 | D:4      | Reached skill level 5 in Armour
  2441 | D:4      | Reached skill level 5 in Axes
  2441 | D:4      | Reached XP level 7. HP: 61/61 MP: 8/8
  2625 | D:4      | Found Umanlul's Serpentskin Sales.
  2634 | D:4      | Bought 3 poisoned tomahawks for 39 gold pieces
  2634 | D:4      | Bought 6 poisoned tomahawks for 78 gold pieces
  2903 | D:5      | Entered Level 5 of the Dungeon
  3061 | D:5      | Found a glowing golden altar of the Shining One.
  3082 | D:5      | Found a staircase to the Ecumenical Temple.
  3587 | D:5      | Found an ancient bone altar of Kikubaaqudgha.
  3814 | D:5      | Found Ullud's Food Shoppe.
  3846 | D:5      | Reached XP level 8. HP: 70/70 MP: 10/10
  4175 | D:6      | Gained mutation: You are frail. (-10% HP) [mutagenic meat]
  4176 | D:6      | Gained mutation: Your spells are a little easier to cast, but a little less powerful. [mutagenic meat]
  4177 | D:6      | Gained mutation: You are weak. (Str -2) [mutagenic meat]
  4178 | D:6      | Lost mutation: You are frail. (-10% HP) [mutagenic meat]
  4179 | D:6      | Gained mutation: You expend magic power (3 MP) to strengthen your wands. [mutagenic meat]
  4194 | D:6      | Reached skill level 6 in Armour
  4195 | D:6      | Found an opulent altar of Gozag.
  4244 | D:6      | Reached *** piety under Lugonu
  4308 | D:6      | Reached skill level 1 in Evocations
  4331 | D:6      | Lost mutation: Your spells are a little easier to cast, but a little less powerful. [potion of mutation]
  4331 | D:6      | Lost mutation: You are weak. (Str -2) [potion of mutation]
  4331 | D:6      | Lost mutation: You expend magic power (3 MP) to strengthen your wands. [potion of mutation]
  4331 | D:6      | Gained mutation: You occasionally shout uncontrollably at your foes. [potion of mutation]
  4331 | D:6      | Gained mutation: You are somewhat resistant to further mutation. [potion of mutation]
  4560 | D:6      | Reached skill level 5 in Invocations
  4701 | D:6      | Reached skill level 7 in Armour
  4762 | D:6      | Found Hidghewa's Weapon Emporium.
  4952 | D:7      | Noticed a hippogriff
  4960 | D:7      | Reached XP level 9. HP: 75/78 MP: 11/11
  4966 | D:7      | Reached skill level 5 in Shields
  5200 | D:7      | Reached skill level 1 in Throwing
  5252 | D:7      | Lost mutation: You are somewhat resistant to further mutation. [potion of mutation]
  5252 | D:7      | Lost mutation: You occasionally shout uncontrollably at your foes. [potion of mutation]
  5252 | D:7      | Gained mutation: You are dopey. (Int -2) [potion of mutation]
  5252 | D:7      | Gained mutation: Your flesh is heat resistant. (rF+) [potion of mutation]
  5253 | D:7      | Lost mutation: Your flesh is heat resistant. (rF+) [potion of mutation]
  5253 | D:7      | Lost mutation: You are dopey. (Int -2) [potion of mutation]
  5253 | D:7      | Gained mutation: You possess an exceptional clarity of mind. [potion of mutation]
  5253 | D:7      | Gained mutation: You are somewhat resistant to further mutation. [potion of mutation]
  5358 | D:7      | Reached **** piety under Lugonu
  5525 | D:8      | Reached skill level 8 in Armour
  5569 | D:8      | Found Peasoschu's Jewellery Shoppe.
  5573 | D:8      | Noticed Gargoyl's ghost (novice MiAK)
  5579 | D:8      | Noticed a troll
  5681 | D:7      | Killed a troll
  5711 | D:8      | Killed Gargoyl's ghost
  5711 | D:8      | Reached skill level 9 in Armour
  5711 | D:8      | Reached XP level 10. HP: 67/86 MP: 13/13
  5795 | D:8      | Bought an uncursed ring of poison resistance for 220 gold pieces
  5842 | D:8      | Noticed Prince Ribbit
  5851 | D:8      | Killed Prince Ribbit
  5877 | D:8      | Noticed Erica
  5888 | D:8      | Killed Erica
  6139 | D:8      | Found a snail-covered altar of Cheibriados.
  6187 | D:8      | Noticed Grum
  6201 | D:8      | Reached skill level 10 in Armour
  6217 | D:8      | Killed Grum
  6621 | D:8      | Reached skill level 10 in Axes
  6716 | D:9      | Reached ***** piety under Lugonu
  6762 | D:9      | Found Kihun's Distillery.
  6766 | D:9      | Found a blossoming altar of Fedhas.
  6771 | D:9      | Bought a potion of heal wounds for 80 gold pieces
  6771 | D:9      | Bought a potion of heal wounds for 80 gold pieces
  6784 | D:9      | Noticed Pikel
  6807 | D:9      | Killed Pikel
  6850 | D:9      | Reached XP level 11. HP: 92/92 MP: 15/15
  6950 | D:9      | Found a roughly hewn altar of Beogh.
  6966 | D:9      | Found a staircase to the Orcish Mines.
  7424 | D:9      | Found a glowing silver altar of Zin.
  7456 | D:10     | Entered Level 10 of the Dungeon
  8057 | D:10     | Reached skill level 11 in Armour
  8900 | D:11     | Noticed a purple ugly thing
  8909 | D:11     | Killed a purple ugly thing
  8927 | D:11     | Noticed a cyan ugly thing
  8937 | D:11     | Killed a cyan ugly thing
  9066 | D:11     | Noticed a six-headed hydra
  9075 | D:11     | Banished a six-headed hydra
  9270 | D:11     | Found a staircase to the Lair.
  9350 | D:11     | Noticed a cyan ugly thing
  9360 | D:11     | Killed a cyan ugly thing
  9545 | D:11     | Noticed a cyan ugly thing
  9555 | D:11     | Killed a cyan ugly thing
  9577 | D:11     | Noticed a two-headed ogre
  9579 | D:11     | Noticed a two-headed ogre
  9585 | D:11     | Killed a two-headed ogre
  9593 | D:11     | Killed a two-headed ogre
  9593 | D:11     | Reached skill level 12 in Armour
 10093 | Lair:1   | Entered Level 1 of the Lair of Beasts
 10296 | Lair:1   | Reached XP level 12. HP: 103/103 MP: 17/17
 10298 | Lair:1   | Reached skill level 10 in Shields
 11006 | Lair:2   | Noticed a death yak
 11006 | Lair:2   | Noticed a death yak
 11006 | Lair:2   | Noticed a death yak
 11006 | Lair:2   | Noticed a death yak
 11013 | Lair:2   | Killed a death yak
 11040 | Lair:3   | Killed a death yak
 11359 | Lair:2   | Killed a death yak
 11368 | Lair:2   | Killed a death yak
 11811 | Lair:2   | Reached skill level 13 in Armour
 13318 | Lair:4   | Reached skill level 10 in Invocations
 13318 | Lair:4   | Reached XP level 13. HP: 107/111 MP: 19/19
 13539 | Lair:4   | Noticed cba's ghost (journeyman SpAs)
 13568 | Lair:4   | Killed cba's ghost
 13714 | Lair:4   | Found a hole to the Spider Nest.
 14335 | Lair:4   | Found a staircase to the Shoals.
 14651 | Lair:5   | Reached ****** piety under Lugonu
 14651 | Lair:5   | Reached skill level 14 in Armour
 15767 | Lair:5   | Reached skill level 10 in Fighting
 15891 | Lair:6   | Entered Level 6 of the Lair of Beasts
 15975 | Lair:6   | Found a runed door.
 15975 | Lair:6   | Found a viscous altar of Jiyva.
 15976 | Lair:6   | Found a staircase to the Slime Pits.
 16326 | Lair:6   | Reached XP level 14. HP: 98/121 MP: 17/21
 16664 | Lair:6   | Reached skill level 15 in Armour
 17607 | Lair:6   | Found a large runed door.
 17608 | Lair:6   | Found a large runed door.
 19670 | D:13     | Noticed Frances
 19683 | D:13     | Killed Frances
 20801 | D:13     | Noticed Josephine
 20810 | D:13     | Killed Josephine
 20823 | D:13     | Reached XP level 15. HP: 79/130 MP: 22/22
 21314 | D:13     | Reached skill level 16 in Armour
 21809 | D:14     | Found a gate to the Vaults.
 22179 | D:14     | Identified a scroll of acquirement
 22305 | D:14     | Noticed Rupert
 22313 | D:14     | Killed Rupert
 22716 | D:15     | Entered Level 15 of the Dungeon
 22752 | D:15     | Found a staircase to the Depths.
 22752 | D:15     | Noticed a fire giant
 22970 | D:15     | Killed a fire giant
 23287 | D:15     | Reached skill level 15 in Shields
 23516 | D:15     | Identified Imoxabeto's Handbook of Ashen Protection
 23546 | D:15     | Reached skill level 15 in Axes
 24340 | Orc:1    | Entered Level 1 of the Orcish Mines
 25054 | Orc:2    | Entered Level 2 of the Orcish Mines
 25141 | Orc:1    | Noticed an orc warlord
 25475 | Orc:2    | Reached skill level 17 in Armour
 25516 | Orc:1    | Killed an orc warlord
 25516 | Orc:1    | Reached XP level 16. HP: 109/141 MP: 24/24
 25772 | Orc:2    | Found a roughly hewn altar of Beogh.
 25774 | Orc:2    | Found a staircase to the Elven Halls.
 25894 | Orc:2    | Found Cocip's General Store.
 25898 | Orc:2    | Found Fugif's Magic Scroll Boutique.
 26907 | Orc:2    | HP: 7/141 [sixfirhy[an orc high priest] (10)]
 26907 | Orc:2    | Mangled by a sixfirhy

Skill      XL: |  1  2  3  4  5  6  7  8  9 10 11 12 13 14 15 |
---------------+----------------------------------------------+-----
Fighting       | 4 5 6 7 8 9 10 11 12 | 12.6
Invocations    | 2 3 4 5 6 7 8 10 11 12 | 12.7
Armour         | 3 4 5 7 9 10 12 13 14 15 17 | 17.3
Axes           | 3 4 5 6 7 8 10 11 12 13 14 15 | 15.3
Shields        | 2 3 4 6 8 9 11 12 14 15 | 15.7
Dodging        | 2 3 |  3.5
Evocations     | 1 |  1.0
Throwing       | 1 |  1.1

Action                   |  1- 3 |  4- 6 |  7- 9 | 10-12 | 13-15 | 16-18 || total
-------------------------+-------+-------+-------+-------+-------+-------++-------
Melee: Hand axe          |    38 |    73 |   193 |   578 |  1281 |   146 ||  2309
       Headbutt          |     4 |    10 |    27 |   123 |   324 |    35 ||   523
Throw: Tomahawk          |       |       |     2 |     1 |     3 |       ||     6
Invok: Depart the Abyss  |     1 |       |       |       |       |       ||     1
       Banish            |       |       |       |     5 |     7 |       ||    12
       Bend Space        |       |       |       |     2 |       |       ||     2
Evoke: Wand              |       |     4 |       |       |       |       ||     4
  Use: Scroll            |     5 |     3 |     6 |     9 |    11 |     2 ||    36
       Potion            |       |       |     9 |     2 |     2 |     2 ||    15
 Stab: Distracted        |       |       |       |       |     1 |       ||     1
  Eat: Chunk             |     1 |     4 |    15 |    24 |    41 |     4 ||    89
       Bread ration      |       |       |       |     1 |       |       ||     1
Armor: Ring mail         |     9 |       |       |       |       |       ||     9
       Leather armour    |     3 |       |       |       |       |       ||     3
       Chain mail        |    14 |    28 |   104 |   167 |       |       ||   313
       Crystal plate arm |       |       |       |     9 |   545 |    53 ||   607
Dodge: Dodged            |     9 |     4 |    21 |    80 |   153 |    20 ||   287
Block: Large shield      |    10 |    38 |   161 |   436 |   730 |       ||  1375
       Shield            |       |       |       |       |   274 |    90 ||   364
